Match 40846412
Unlisted

Match 40846412
End
Selects Australian Defense Battlegroup
Selects Australian Light Infantry Section
Australian Light Infantry Section
Vickers Machine Gun Team
Australian Light Infantry Section
Construct Field Infirmary
Construct Section Command Post
Selects Defensive Tactics
Construct Platoon Command Post
Selects CMP 15cwt Supply Run
CMP 15cwt Supply Run
ML 3-inch Mortar Team
Unlock M3 Stuart Light Tanks
M3 Stuart Light Tank
ResidentCloakingCommie
KHALIFA-MHR
彡★🔻SALADIN🔻★彡
Spaghetti
kayman
Maverick
0
0

Comments sign in to comment!

No comments posted yet!